 Dungeon Crawl Stone Soup version 0.28.0-53-g5a82cb258f (webtiles) character file.

Game seed: 6573845166315094947

180730 raph the Devastator (level 17, -7/135 (138) HPs)
             Began as a Pale Draconian Conjurer on June 26, 2022.
             Was a Believer of Sif Muna.
             Mangled by an Executioner (17 damage)
             ... on level 4 of the Abyss.
             The game lasted 01:46:08 (43371 turns).

raph the Devastator (Pale Draconian Conjurer)      Turns: 43371, Time: 01:46:08

HP:   -7/135 (138)  AC: 24    Str:  6    XL:     17   Next: 65%
MP:   5/30          EV: 14    Int: 25    God:    Sif Muna [**....]
Gold: 196           SH:  7    Dex: 11    Spells: 1/35 levels left

rFire   + . .      SeeInvis .   y - staff of conjuration
rCold   . . .      Faith    .   i - +3 buckler {AC+3}
rNeg    . . .      Spirit   .   (armour unavailable)
rPois   .          Reflect  .   (helmet restricted)
rElec   +          Harm     .   F - +2 cloak {rCorr}
rCorr   +          Rampage  .   O - +1 pair of gloves of Youthful Indiscretion {rElec rF+}
Will    ++...                   H - +2 pair of boots
Stlth   ++++......              n - amulet of regeneration
HPRegen 1.12/turn               K - +4 ring of protection
MPRegen 0.22/turn               X - ring of wizardry

@: short of breath, slowed, studying Unarmed Combat, lightly drained, unable to
read, very slow
A: breathe steam, AC +9, unfitting armour, cold-blooded, steam resistance,
strong-willed 1, screaming 1, [weak 2], [inability to read while threatened]
a: Breathe Steam, Renounce Religion, Channel Magic


You were on level 4 of the Abyss.
You worshipped Sif Muna.
Sif Muna was pleased with you.
You visited 4 branches of the dungeon, and saw 24 of its levels.
You visited the Abyss 2 times.
You also visited: Bailey.

You collected 2201 gold pieces.
You spent 2005 gold pieces at shops.

Inventory:

Hand Weapons
 a - a +8 demon trident
 b - a +0 hunting sling of freezing
 e - a +1 spectral demon trident
 S - the +1 scimitar "Kicakk" {vorpal, rC+}
   (You found it on level 3 of the Lair of Beasts)

   It inflicts extra damage upon your enemies.
   rC:        It protects you from cold.
Missiles
 m - 12 silver javelins
 p - 256 sling bullets
 x - 15 poisoned darts
Armour
 i - a +3 buckler of protection (worn)
 F - a +2 cloak of preservation (worn)
 H - a +2 pair of boots (worn)
 O - the +1 pair of gloves of Youthful Indiscretion (worn) {rElec rF+}
   (You acquired it on level 1 of the Lair of Beasts)

   rF:        It protects you from fire.
   rElec:     It insulates you from electricity.
Magical Staves
 y - a staff of conjuration (weapon)
Jewellery
 d - a ring of willpower
 h - a ring of ice
 k - a ring of flight
 n - an amulet of regeneration (around neck)
 q - a ring of see invisible
 w - the ring "Giureduw" {rPois Will+ Str+3 Int-4 Dex+4}
   (You found it on level 6 of the Dungeon)

   [ring of willpower]

   Str:       It affects your strength (+3).
   Int:       It affects your intelligence (-4).
   Dex:       It affects your dexterity (+4).
   rPois:     It protects you from poison.
   Will:      It increases your willpower.
 K - a +4 ring of protection (left hand)
 M - a ring of fire
 X - a ring of wizardry (right hand)
Wands
 D - a wand of iceblast (14)
 G - a wand of flame (38)
 I - a wand of digging (1)
 N - a wand of mindburst (13)
 R - a wand of paralysis (2)
 Y - a wand of acid (12)
Scrolls
 s - 3 scrolls of fear
 z - 5 scrolls of identify
 B - 5 scrolls of blinking
 L - a scroll of teleportation
 T - 3 scrolls of fog
 W - 3 scrolls of enchant weapon
 Z - 2 scrolls of summoning
Potions
 c - 14 potions of curing
 f - 2 potions of heal wounds
 g - 5 potions of ambrosia
 o - 2 potions of berserk rage
 r - 2 potions of magic
 u - 3 potions of haste
 v - 2 potions of invisibility
 A - 3 potions of flight
 C - a potion of might
 E - a potion of cancellation
 P - 3 potions of brilliance
Miscellaneous
 Q - a phantom mirror


   Skills:
 + Level 9.3 Fighting
 - Level 2.0 Staves
 + Level 9.2 Dodging
 - Level 9.1 Stealth
 - Level 2.8 Shields
 + Level 9.8 Spellcasting
 + Level 16.6 Conjurations
 - Level 9.2 Hexes
 - Level 1.5 Summonings
 - Level 10.4 Translocations
 - Level 2.0 Earth Magic
 - Level 8.9 Invocations
 - Level 5.1 Evocations


You had one spell level left.
You knew the following spells:

 Your Spells              Type           Power      Damage    Failure   Level
a - Magic Dart            Conj           100%       1d8       0%          1
b - Fireball              Conj/Fire      34%        3d14      2%          5
c - Orb of Destruction    Conj           48%        9d13      2%          7
d - Fulminant Prism       Conj/Hex       43%        3d20      1%          4
e - Iskenderun's Mystic   Conj/Tloc      88%        2d17      1%          4
f - Blink                 Tloc           100%       N/A       1%          2
g - Call Imp              Summ           20%        N/A       2%          2
h - Irradiate             Conj/Tmut      34%        3d25      2%          5
i - Apportation           Tloc           100%       N/A       1%          1
j - Stone Arrow           Conj/Erth      100%       3d13      1%          3

Your spell library contained the following spells:

 Spells                   Type           Power      Damage    Failure   Level
 Sandblast                Erth           44%        2d11      1%          1
 Searing Ray              Conj           100%       2d8       0%          2
 Static Discharge         Conj/Air       69%        N/A       1%          2
 Dazzling Flash           Conj/Hex       100%       N/A       1%          3
 Gell's Gravitas          Tloc           59%        N/A       1%          3
 Mephitic Cloud           Conj/Pois/Air  56%        N/A       1%          3
 Summon Guardian Golem    Hex/Summ       39%        N/A       1%          3
 Teleport Other           Tloc           59%        N/A       1%          3
 Hailstorm                Conj/Ice       69%        3d14      1%          4
 Iskenderun's Battlesphe  Conj           97%        2d14      1%          5
 Manifold Assault         Tloc           59%        N/A       1%          5
 Passwall                 Tmut/Erth      14%        N/A       2%          2
 Wereblood                Tmut           12%        N/A       4%          2
 Summon Forest            Summ/Tloc      21%        N/A       6%          5
 Dispersal                Tloc           29%        N/A       6%          6
 Freezing Cloud           Conj/Ice/Air   28%        6-21      8%          5
 Ignite Poison            Fire/Tmut/Pois 12%        N/A       9%          3
 Ozocubu's Armour         Ice            12%        N/A       9%          3
 Summon Mana Viper        Hex/Summ       39%        N/A       9%          5
 Conjure Ball Lightning   Conj/Air       34%        3x3d11    13%         6
 Lee's Rapid Deconstruct  Erth           11%        3d9*      32%         5
 Summon Cactus Giant      Summ           10%        N/A       88%         6
 Lehudib's Crystal Spear  Conj/Erth      36%        10d9      97%         8
 Ozocubu's Refrigeration  Ice            6%         4d6       100%        7
 Storm Form               Tmut/Air       6%         N/A       100%        7
 Chain Lightning          Conj/Air       34%        3d46      100%        9
 Fire Storm               Conj/Fire      34%        8d9       100%        9
 Animate Armour           Summ/Erth      Unusable   N/A       N/A         4

Dungeon Overview and Level Annotations

Branches:
Dungeon (15/15)            Temple (1/1) D:7            Lair (6/6) D:11
  Swamp (0/4) Lair:3        Snake (0/4) Lair:3        Slime (0/5) Lair:6
    Orc (2/2) D:10            Elf (0/3) Orc:2        Vaults (0/5) D:14
 Bailey (visited)
 Depths: D:15

Altars:
Ashenzari
Cheibriados
Dithmenos
Elyvilon
Fedhas
Gozag
Hepliaklqana
Kikubaaqudgha
Makhleb
Nemelex Xobeh
Okawaru
Qazlal
Ru
Sif Muna
Trog
Uskayaw
Vehumet
Wu Jian
Xom
Yredelemnul
Zin
The Shining One
Beogh

Shops:
D:3 ([*   D:4 (   Orc:2 :([*?

Annotations:
D:14 3 runed translucent doors, Louise; mcbry74's ghost, journeyman HOFi


Innate Abilities, Weirdness & Mutations

You can breathe blasts of scalding, opaque steam.
Your pale cyan-grey scales are hard. (AC +9)
You cannot fit into any form of body armour.
You are cold-blooded and may be slowed by cold attacks.
You are immune to the effects of steam.
You are strong-willed. (Will+)
You occasionally shout uncontrollably at your foes.
[You are very weak. (Str -4)]
[You sometimes lose the ability to read scrolls when taking damage.]


Message History

Press: ? - help, Shift-Dir - straight line You exhale a blast of scalding steam.
The ball of steam misses the Executioner.
The ball of steam hits the wretched star.
The wretched star resists.
The wretched star is moderately damaged.
The ball of steam hits the ufetubus!
You kill the ufetubus!
The ufetubus disappears in a puff of smoke!
The Executioner misses you. You block the Executioner's attack.
The Executioner misses you. The Executioner barely misses you. x2
The Executioner hits you but does no damage.
The Executioner hits you!
* * * LOW HITPOINT WARNING * * *
The Executioner completely misses you.
The Executioner hits you but does no damage.
The Executioner closely misses you. The Executioner hits you.
* * * LOW HITPOINT WARNING * * *
The Executioner completely misses you. The Executioner hits you.
* * * LOW HITPOINT WARNING * * *
The Executioner closely misses you. x2
The Executioner completely misses you. The Executioner barely misses you.
The Executioner hits you but does no damage. x2
The Executioner hits you.
* * * LOW HITPOINT WARNING * * *
The Executioner hits you but does no damage.
The Executioner hits you.
* * * LOW HITPOINT WARNING * * *
The Executioner closely misses you. You block the Executioner's attack.
You feel much better. The Executioner hits you!
* * * LOW HITPOINT WARNING * * *
The Executioner hits you but does no damage. x3
The Executioner barely misses you.
The Executioner hits you but does no damage.
You block the Executioner's attack.
The Executioner hits you but does no damage. x4
You block the Executioner's attack.
The wretched star glows turbulently.
The lance of force misses you. The Executioner hits you!
You die...

. ... .#.#. ## #.
#... ..### ###
.##ยง.#.#. .# #..##
.#. . #. ...# #.#.
#.# W##.# .#.
#...##..#.#5.....5#
#...##.#....#.##.#
#.#.##.#*#.5.#. .. #
.# #.....@1W3##.#
#.#
#.##...#.##......#..
#.....#.##
######.### .####..#
#.# .#. #.. #.#. ##
#..# #..


You could see an eidolon, a wretched star, an Executioner (fast), a ynoxinul and
an ufetubus (summoned).

Vanquished Creatures
  Rupert (Lair:5)
  2 tentacled starspawn
  Kirke (Lair:4)
  Agnes (D:14)
  2 tengu reavers (D:14)
  An orc warlord (Orc:2)
  A juggernaut skeleton (Abyss:2)
  Nessos (D:14)
  An ettin (D:14)
  A fire dragon (Lair:6)
  A yaktaur captain (D:14)
  Erolcha (Orc:1)
  8 vault guards (D:14)
  4 boulder beetles
  8 hydras
  2 catoblepae
  2 death knights (D:10)
  3 two-headed ogres
  6 centaur warriors
  10 death yaks
  A tengu warrior (D:13)
  A hell hog (Abyss:4)
  An orc high priest (Orc:2)
  Urug (Orc:1)
  7 thrashing horrors
  Sonja (Lair:5)
  3 wretched stars
  A sun demon (Abyss:3)
  5 skeletal warriors (D:14)
  2 sixfirhies (Abyss:3)
  Nergalle (D:12)
  A spatial maelstrom (Abyss:3)
  2 deep elf pyromancers
  A lindwurm (Lair:6)
  8 orc knights
  9 ugly things
  An oklob plant (Lair:6)
  8 orc sorcerers
  5 cyclopes
  A worldbinder (Abyss:3)
  4 manticores
  Maurice (D:8)
  5 elephants (Lair:6)
  10 black mambas
  A rust devil (Abyss:2)
  3 torpor snails
  13 cane toads
  2 apocalypse crabs (Abyss:3)
  3 molten gargoyles (Lair:6)
  A gargoyle (D:11)
  2 rime drakes (Lair:2)
  Joseph (D:8)
  An orange demon (Abyss:2)
  15 komodo dragons
  A kobold demonologist (D:12)
  An efreet (Abyss:3)
  A yaktaur (shapeshifter) (D:14)
  2 freezing wraiths (D:14)
  3 ancient zymes (Abyss:3)
  8 trolls
  3 meliai (D:13)
  A queen bee (D:13)
  Prince Ribbit (Lair:2)
  8 raiju
  9 blink frogs
  4 slime creatures (D:14)
  Grinder (D:5)
  4 polar bears
  10 dream sheep (Lair:6)
  A centaur simulacrum (D:14)
  3 shadows
  53 yaks
  11 wyverns
  5 hogs (Lair:4)
  12 large abominations
  A water elemental (D:15)
  A vampire (Abyss:2)
  2 ynoxinuls
  A wraith (D:10)
  10 basilisks
  Eustachio (D:4)
  4 vampire mosquitoes (D:11)
  5 steam dragons
  4 acid dragons
  6 wargs
  3 nagas (Lair:3)
  9 water moccasins
  5 hell hounds (Lair:6)
  Duvessa (D:5)
  2 black bears
  38 orc warriors
  A sky beast (D:8)
  A hornet zombie (D:9)
  2 ice beasts
  2 necrophages
  18 starcursed masses (Abyss:3)
  6 ogres
  18 wolves
  3 boggarts (D:14)
  3 centaurs
  2 phantoms
  8 small abominations
  16 bullfrogs
  3 kobold brigands (D:12)
  3 scorpions
  Dowan (D:5)
  14 killer bees (D:13)
  5 wights (D:9)
  5 howler monkeys
  3 electric eels
  5 lava snakes (Lair:6)
  2 jellies
  5 centaur zombies
  2 quasits
  A centaur skeleton (D:7)
  A gnoll shaman (D:5)
  10 orc priests
  A hound (D:5)
  Jessica (D:2)
  4 iguanas
  14 orc wizards
  A hell rat (D:11)
  A killer bee zombie (D:8)
  A howler monkey zombie (D:7)
  5 gnolls
  4 adders
  2 shadow imps
  A howler monkey simulacrum (D:10)
  3 white imps
  2 ufetubi
  A worm (D:2)
  65 orcs
  5 ball pythons
  11 endoplasms
  2 giant cockroaches
  9 goblins
  11 hobgoblins
  2 jackals (D:4)
  4 quokkas
  2 bats (D:3)
  3 frilled lizards (D:2)
  A jackal skeleton (D:4)
  8 kobolds
  4 rats
  2 butterflies (Lair:3)
  A fulminant prism (D:12)
  A lurking horror (Abyss:2)
  A starspawn tentacle (Abyss:4)
727 creatures vanquished.

Vanquished Creatures (collateral kills)
  A gnoll (Orc:2)
1 creature vanquished.

Vanquished Creatures (others)
  A large abomination (Abyss:3)
  279 fulminant prisms
  65 fungi
  83 plants
  3 starspawn tentacles (Abyss:4)
431 creatures vanquished.

Grand Total: 1159 creatures vanquished

Notes
Turn   | Place    | Note
-------+----------+-------------------------------------------
     0 | D:1      | raph the Draconian Conjurer began the quest for the Orb.
     0 | D:1      | Reached XP level 1. HP: 14/14 MP: 3/3
   313 | D:1      | Found a faded altar of an unknown god.
   346 | D:1      | Got Plato's Compendium of the Voyage
   603 | D:1      | Reached XP level 2. HP: 20/20 MP: 1/5
   902 | D:1      | Learned a level 2 spell: Searing Ray
  1557 | D:2      | Reached XP level 3. HP: 26/26 MP: 1/6
  1624 | D:2      | Learned a level 3 spell: Dazzling Flash
  2033 | D:2      | Noticed Jessica
  2036 | D:2      | Killed Jessica
  2037 | D:2      | Reached XP level 4. HP: 33/33 MP: 3/7
  2706 | D:3      | Found Cihoaless's Antique Weapon Boutique.
  2951 | D:3      | Found Ekkaimpatz's Assorted Antiques.
  2959 | D:3      | Bought a scroll labelled ULUHAU QAQURGHO for 25 gold pieces
  3169 | D:3      | Found Pin Bygg's Antique Armour Emporium.
  4139 | D:4      | Reached skill level 5 in Conjurations
  4139 | D:4      | Reached XP level 5. HP: 38/38 MP: 2/9
  4284 | D:4      | Noticed a phantom
  4291 | D:4      | Killed a phantom
  4445 | D:4      | Found Boigrac's Firing Range.
  4806 | D:4      | Noticed Eustachio
  4828 | D:4      | Noticed a necrophage
  4833 | D:5      | Entered Level 5 of the Dungeon
  4833 | D:5      | Noticed Grinder
  4856 | D:4      | Reached XP level 6. HP: 10/45 MP: 2/10
  5201 | D:4      | Killed Eustachio
  5202 | D:4      | Reached skill level 6 in Conjurations
  5520 | D:5      | Your scales start taking on a pale cyan-grey colour.
  5520 | D:5      | Reached XP level 7. HP: 18/50 MP: 4/12
  5520 | D:5      | Gained mutation: You are immune to the effects of steam.
                  | [Pale Draconian growth]
  5582 | D:5      | Noticed Duvessa
  5582 | D:5      | Noticed Dowan
  5589 | D:5      | Killed Duvessa
  5817 | D:5      | Learned a level 4 spell: Fulminant Prism
  5826 | D:5      | Reached skill level 1 in Hexes
  5982 | D:5      | Killed Grinder
  5983 | D:5      | Reached skill level 7 in Conjurations
  6219 | D:5      | Killed Dowan
  6376 | D:5      | Reached XP level 8. HP: 57/57 MP: 5/13
  7288 | D:3      | Bought a pair of gloves for 108 gold pieces
  7653 | D:6      | Learned a level 4 spell: Iskenderun's Mystic Blast
  7702 | D:6      | Reached skill level 8 in Conjurations
  7730 | D:6      | Reached skill level 1 in Translocations
  8102 | D:6      | Identified the ring "Giureduw" {rPois Will+ Str+3 Int-4
                  | Dex+4}
  8547 | D:7      | Reached skill level 5 in Hexes
  8547 | D:7      | Reached XP level 9. HP: 62/62 MP: 9/14
  8779 | D:7      | Found a staircase to the Ecumenical Temple.
  8789 | Temple   | Entered the Ecumenical Temple
  8838 | Temple   | Became a worshipper of Sif Muna the Loreminder
  9417 | D:8      | Reached skill level 9 in Conjurations
 10121 | D:8      | Found an ornate altar of the Wu Jian Council.
 10146 | D:8      | Noticed Maurice
 10158 | D:8      | Killed Maurice
 10159 | D:8      | Reached skill level 5 in Translocations
 10365 | D:8      | Noticed Joseph
 10386 | D:8      | Killed Joseph
 11066 | D:9      | Reached * piety under Sif Muna
 11067 | D:9      | Reached XP level 10. HP: 64/69 MP: 11/15
 11124 | D:9      | Found a flagged portal.
 11131 | Bailey   | Entered a bailey
 11312 | Bailey   | Reached skill level 10 in Conjurations
 12296 | Bailey   | Noticed an orc knight
 12445 | Bailey   | Noticed an orc knight
 12663 | Bailey   | Killed an orc knight
 12803 | Bailey   | Killed an orc knight
 12804 | Bailey   | Reached skill level 1 in Fighting
 12972 | D:9      | Reached skill level 1 in Invocations
 13150 | D:9      | Reached skill level 5 in Spellcasting
 13453 | D:9      | Learned a level 2 spell: Blink
 14001 | D:3      | Bought a glowing orb for 288 gold pieces
 14241 | D:10     | Entered Level 10 of the Dungeon
 14271 | D:10     | Noticed a two-headed ogre
 14272 | D:10     | Reached XP level 11. HP: 75/81 MP: 4/18
 14287 | D:10     | Killed a two-headed ogre
 14390 | D:10     | Noticed a death knight
 14403 | D:10     | Noticed a six-headed hydra
 14574 | D:10     | Noticed a two-headed ogre
 14583 | D:10     | Killed a two-headed ogre
 15114 | D:10     | Reached skill level 5 in Stealth
 15520 | D:10     | Killed a six-headed hydra
 15561 | D:10     | Noticed a death knight
 15706 | D:10     | Reached skill level 5 in Dodging
 15770 | D:10     | Killed a death knight
 15771 | D:10     | Reached skill level 11 in Conjurations
 15784 | D:10     | Noticed a rakshasa
 15920 | D:11     | Reached ** piety under Sif Muna
 16173 | D:11     | Identified a scroll of acquirement
 16173 | D:11     | Acquired the Papyrus of Supportive Arcane Weapons
 16229 | D:11     | Learned a level 2 spell: Call Imp
 16271 | D:11     | Noticed a death yak
 16271 | D:11     | Noticed a death yak
 16326 | D:11     | Noticed a death yak
 16348 | D:11     | Killed a death yak
 16368 | D:11     | Killed a death yak
 16369 | D:11     | Reached XP level 12. HP: 62/92 MP: 21/21
 16375 | D:11     | Killed a death yak
 16441 | D:11     | Found a staircase to the Lair.
 17147 | Lair:1   | Entered Level 1 of the Lair of Beasts
 17310 | Lair:1   | Reached skill level 5 in Fighting
 17313 | Lair:1   | Reached skill level 5 in Invocations
 17464 | Lair:1   | Acquired the +1 pair of gloves of Youthful Indiscretion
                  | {rElec rF+}
 18157 | Lair:2   | Noticed a catoblepas
 18157 | Lair:2   | Noticed a four-headed hydra
 18326 | Lair:2   | You fall into a shaft and drop 2 floors!
 18652 | Lair:4   | Noticed a death yak
 18652 | Lair:4   | Noticed a catoblepas
 18675 | Lair:4   | Killed a death yak
 18684 | Lair:4   | Killed a catoblepas
 18916 | Lair:3   | Found a staircase to the Swamp.
 19112 | Lair:3   | Identified the +1 scimitar "Kicakk" {vorpal, rC+}
 19558 | Lair:2   | Reached XP level 13. HP: 89/102 MP: 10/23
 20016 | Lair:2   | Noticed Prince Ribbit
 20020 | Lair:2   | Reached *** piety under Sif Muna
 20020 | Lair:2   | Killed Prince Ribbit
 21513 | Lair:3   | Reached skill level 12 in Conjurations
 22120 | Lair:3   | Found a staircase to the Snake Pit.
 22540 | Lair:4   | Noticed Kirke
 22553 | Lair:4   | Noticed a sphinx
 22553 | Lair:4   | Killed Kirke
 22757 | Lair:4   | Learned a level 5 spell: Irradiate
 24047 | Lair:5   | Noticed Sonja
 24052 | Lair:5   | Killed Sonja
 24053 | Lair:5   | Reached skill level 1 in Evocations
 24322 | Lair:5   | Noticed Rupert
 24728 | Lair:5   | Killed Rupert
 24996 | Lair:6   | Entered Level 6 of the Lair of Beasts
 24996 | Lair:6   | Found a staircase to the Slime Pits.
 26005 | Lair:6   | Reached XP level 14. HP: 114/114 MP: 14/25
 26839 | Lair:6   | Reached XP level 15. HP: 121/121 MP: 27/27
 27095 | Lair:6   | Reached **** piety under Sif Muna
 27331 | Lair:6   | Reached skill level 10 in Translocations
 28748 | Lair:6   | Found a large runed translucent door.
 28749 | Lair:6   | Found a large runed translucent door.
 29059 | Lair:6   | Learned a level 1 spell: Apportation
 29688 | D:12     | Learned a level 3 spell: Stone Arrow
 29817 | D:12     | Reached skill level 1 in Shields
 29820 | D:12     | Reached skill level 5 in Evocations
 30487 | D:12     | Noticed Nergalle
 30490 | D:12     | You fall into a shaft and drop 2 floors!
 30792 | D:12     | Killed Nergalle
 30793 | D:12     | Reached skill level 13 in Conjurations
 31226 | D:10     | Found a staircase to the Orcish Mines.
 31358 | Orc:1    | Entered Level 1 of the Orcish Mines
 31737 | Orc:2    | Entered Level 2 of the Orcish Mines
 31738 | Orc:2    | Reached ***** piety under Sif Muna
 32122 | Orc:2    | Received a gift from Sif Muna
 32130 | Orc:2    | Reached skill level 1 in Earth Magic
 32229 | Orc:1    | Learned a level 5 spell: Summon Forest
 32244 | Orc:2    | Reached skill level 1 in Staves
 32475 | Orc:2    | Noticed an orc warlord
 32495 | Orc:2    | Killed an orc warlord
 32927 | Orc:2    | Reached skill level 1 in Summonings
 33595 | Orc:2    | Found Fehackel's General Store.
 33816 | Orc:2    | Bought a potion of heal wounds for 85 gold pieces
 33816 | Orc:2    | Bought a potion of heal wounds for 85 gold pieces
 33842 | Orc:2    | Found a staircase to the Elven Halls.
 33877 | Orc:2    | Found Hoeguh's Magic Scroll Emporium.
 33880 | Orc:2    | Bought a scroll of blinking for 105 gold pieces
 33880 | Orc:2    | Bought a scroll of identify for 28 gold pieces
 33880 | Orc:2    | Bought a scroll of identify for 28 gold pieces
 33956 | Orc:2    | Found Xonez's Book Emporium.
 33964 | Orc:2    | Bought a book of the Spheres for 702 gold pieces
 33973 | Orc:2    | Learned a level 7 spell: Orb of Destruction
 34352 | Orc:2    | Found Asok's Antique Weapon Boutique.
 34367 | Orc:2    | Found Otwis's Antique Armour Emporium.
 34375 | Orc:2    | Bought a shiny buckler for 187 gold pieces
 34421 | Orc:2    | Reached XP level 16. HP: 132/132 MP: 21/29
 34761 | Orc:1    | Noticed Urug
 35130 | Orc:1    | Killed Urug
 35293 | Orc:1    | Noticed Erolcha
 35300 | Orc:1    | Paralysed by Erolcha for 5 turns
 35308 | Orc:1    | Killed Erolcha
 35879 | D:13     | Received a gift from Sif Muna
 35880 | D:13     | Got Sif Muna's Papyrus of Mutagenic Conjuration {god gift}
 36354 | D:13     | Reached skill level 14 in Conjurations
 37878 | D:14     | Reached skill level 15 in Conjurations
 38283 | D:14     | Noticed Nessos
 38294 | D:14     | Killed Nessos
 38418 | D:14     | Noticed Agnes
 38423 | D:14     | Killed Agnes
 38519 | D:14     | Found a gate to the Vaults.
 38574 | D:14     | Noticed a tengu reaver
 39220 | D:14     | Found a runed translucent gate.
 39549 | D:14     | Noticed a tengu reaver
 39553 | D:14     | Killed a tengu reaver
 39554 | D:14     | Reached skill level 16 in Conjurations
 39985 | D:14     | Killed a tengu reaver
 40147 | D:14     | Found a runed translucent gate.
 40147 | D:14     | Found a runed translucent gate.
 40148 | D:14     | Noticed a lich
 40148 | D:14     | Noticed a lich
 40148 | D:14     | Noticed mcbry74's ghost (journeyman HOFi)
 40149 | D:14     | Found an ancient bone altar of Kikubaaqudgha.
 40149 | D:14     | Noticed a lich
 40149 | D:14     | Noticed a lich
 40872 | Orc:2    | Bought a Trismegistus Codex for 364 gold pieces
 41037 | D:15     | Entered Level 15 of the Dungeon
 41558 | D:15     | Noticed Louise
 41559 | D:15     | Reached XP level 17. HP: 138/138 MP: 30/30
 41569 | D:15     | Learned a level 5 spell: Fireball
 41583 | D:15     | Cast into level 2 of the Abyss (Louise)
 41583 | Abyss:2  | Found a corrupted altar of Lugonu.
 41690 | Abyss:2  | Found a corrupted altar of Lugonu.
 42495 | Abyss:3  | Noticed a profane servitor
 42504 | D:15     | Escaped the Abyss
 42526 | D:14     | Cast into level 3 of the Abyss (Louise)
 42742 | Abyss:3  | Noticed a bone dragon
 43191 | Abyss:4  | Gained mutation: You occasionally shout uncontrollably at
                  | your foes. [a neqoxec]
 43193 | Abyss:4  | Gained mutation: You are strong-willed. (Will+) [a neqoxec]
 43370 | Abyss:4  | HP: 6/135 [Executioner (3)]
 43371 | Abyss:4  | Mangled by an Executioner

Illustrated notes

Levels and vault maps discovered:
D:1:      dpeg_arrival_rhombi, layout_loops_corners,
          shapermc_ecumenical_altar_rom_forum
D:2:      layout_rooms, uniq_jessica
D:3:      layout_basic, serial_shops, shop, nicolae_shop_behind_doors, shop,
          grunt_ministairs_6
D:4:      layout_layer_cave, st_stairs_3, nicolae_shop_firing_range,
          uniq_eustachio
D:5:      layout_layer_cave, uniq_grinder, uniq_duvessa
D:6:      layout_basic
D:7:      layout_cave_pools, minmay_temple_entry_tees
D:8:      layout_basic, pdpol_wu_jian_five_deadly_venoms, lightli_minifort,
          uniq_maurice, uniq_joseph
D:9:      layout_rooms, enter_bailey_5
D:10:     layout_long_grid, minmay_orc_entry_guard_dogs, minmay_shattered_shrine
D:11:     layout_long_grid, dpeg_lair_monsters
D:12:     layout_rooms, grunt_ministairs_9, minmay_liquid_box, uniq_nergalle
D:13:     layout_irregular_city, minivault_7
D:14:     minmay_octo_star, layout_loops_ring, erik_vaults_2,
          gammafunk_ghost_crypt, nrook_campfire, uniq_agnes, uniq_nessos
D:15:     hangedman_depths_entry_try_elsewhere_first, layout_basic,
          small_statue_alley_a, uniq_louise
Temple:   kilobyte_greek_temple
Lair:1:   layout_loops_ring
Lair:2:   nzn_winding_woodlands_stair_trap
          [nzn_winding_woodlands_5x15_lazy_stream,
          nzn_winding_woodlands_5x15_jagged, nzn_winding_woodlands_5x15_pool,
          nzn_winding_woodlands_15x15_killbox, nzn_winding_woodlands_5x15_eye,
          nzn_winding_woodlands_5x15_pockets,
          nzn_winding_woodlands_5x15_longhouse], layout_hall_layers,
          uniq_prince_ribbit2
Lair:3:   layout_chaotic_city, swamp_mist_pool, guppyfry_snake_entry_island,
          lemuel_fruit_fields
Lair:4:   layout_regular_city, chequers_serial_rivers_micro_b,
          small_statue_intersection, hangedman_lair_generics_rect, uniq_kirke
Lair:5:   layout_loops_ring, uniq_rupert, uniq_sonja
Lair:6:   cheibrodos_lair_end_hotspot, layout_regular_city,
          minmay_slime_entry_oklob_open
Orc:1:    layout_caves, basic_altar, uniq_erolcha, uniq_urug
Orc:2:    grunt_orc_gardens, layout_caves, grunt_orc_garden, grunt_orc_garden,
          grunt_orc_garden, grunt_orc_garden, basic_altar, serial_shops,
          nicolae_shop_behind_doors
Abyss:4:  base: D:9, evilmike_abyss_exit_10, nicolae_abyss_rune_star_stuff,
          hangedman_abyss_theft, evilmike_abyss_exit_6

Skill      XL: |  1  2  3  4  5  6  7  8  9 10 11 12 13 14 15 16 |
---------------+-------------------------------------------------+-----
Stealth        | 2 3 4 5 6 7 8 9 |  9.1
Dodging        | 2 3 4 5 6 7 8 9 |  9.2
Conjurations   | 5 6 7 8 9 10 11 12 13 16 | 16.6
Spellcasting   | 3 5 6 7 8 9 |  9.8
Hexes          | 3 5 6 7 8 9 |  9.2
Translocations | 3 5 6 7 8 9 10 | 10.4
Fighting       | 2 4 6 7 8 9 |  9.3
Invocations    | 2 4 6 7 8 |  8.9
Evocations     | 2 3 5 |  5.1
Shields        | 2 |  2.8
Earth Magic    | 2 |  2.0
Staves         | 2 |  2.0
Summonings     | 1 |  1.5

Action                   |  1- 3 |  4- 6 |  7- 9 | 10-12 | 13-15 | 16-18 || total
-------------------------+-------+-------+-------+-------+-------+-------++-------
Melee: Whip              |     3 |    12 |       |       |       |       ||    15
       Tailslap          |     1 |     1 |     1 |     2 |    16 |    12 ||    33
       Demon trident     |       |       |     2 |       |       |       ||     2
       Staff             |       |       |     2 |    21 |    60 |    40 ||   123
       Punch             |       |       |       |     1 |       |       ||     1
 Cast: Magic Dart        |    30 |    36 |    38 |    39 |    46 |     3 ||   192
       Searing Ray       |     8 |    26 |    42 |    50 |    53 |     5 ||   184
       Fulminant Prism   |       |       |     9 |    76 |   179 |    17 ||   281
       Iskenderun's Myst |       |       |     1 |    60 |   125 |   156 ||   342
       Call Imp          |       |       |       |     1 |     4 |       ||     5
       Irradiate         |       |       |       |       |     7 |     2 ||     9
       Blink             |       |       |       |       |     3 |       ||     3
       Dazzling Flash    |       |       |       |       |     2 |       ||     2
       Stone Arrow       |       |       |       |       |    21 |    10 ||    31
       Orb of Destructio |       |       |       |       |     5 |   114 ||   119
       Apportation       |       |       |       |       |     2 |       ||     2
       Summon Forest     |       |       |       |       |     1 |       ||     1
       Fireball          |       |       |       |       |       |     2 ||     2
Invok: Channel Magic     |       |       |       |     7 |     9 |    19 ||    35
 Abil: Breathe Steam     |       |       |    23 |    72 |    75 |    25 ||   195
Evoke: Wand              |       |       |       |       |     4 |     4 ||     8
  Use: Scroll            |     6 |     4 |     3 |    12 |    10 |    11 ||    46
       Potion            |       |       |       |       |     2 |     9 ||    11
 Stab: Sleeping          |     1 |     3 |       |       |     1 |       ||     5
Armor: Skin              |     1 |    19 |    14 |   113 |   136 |   200 ||   483
Dodge: Dodged            |     4 |    49 |    38 |   104 |   160 |   208 ||   563
Block: Buckler           |       |       |       |       |    18 |   103 ||   121
